Bears vs Crunch

Created - Thursday, January 21, 2016 at 01:09

Goals
1 2 3 OT1 SO T
Bears 0 0 1 0 0 1
Crunch 0 1 0 0 1 2
Shots
1 2 3 OT1 SO T
Bears 4 10 8 2 3 24
Crunch 6 17 6 3 3 32

1st period

No Goal

Penalties :
Matt Pelech (Her) for Hooking (Minor) at 6:09, Nolan Yonkman (SYR) for Fighting (Major) at 8:36, Justin Florek (Her) for Fighting (Major) at 8:36, Nolan Yonkman (SYR) for instigated a fight (Minor) at 8:36, Nolan Yonkman (SYR) for instigated and being the aggresor in a fight (20 Minutes Game Misconduct) at 8:36, Robyn Regehr (Her) for Tripping (Minor) at 8:39

2nd period

1. Crunch , Martin Havlat 20 (Karl Stollery, Scott Hannan) at 13:51 (PP)

Penalties :
Casey Wellman (SYR) for Hooking (Minor) at 0:54, Matt Pelech (Her) for Interference (Minor) at 13:41, Jordin Tootoo (SYR) for Fighting (Major) at 14:06, Kyle Clifford (Her) for Fighting (Major) at 14:06, Erik Condra (Her) for Tripping (Minor) at 18:05

3rd period

2. Bears , Erik Condra 5 (Leon Draisaitl) at 10:49

Penalties :
Michael Ryder (Her) for High sticking (Minor) at 11:37, Dustin Jeffrey (SYR) for Interference (Minor) at 16:50

Overtime #1

No Goal

Penalties :
No Penalty

Shootout

Penalty Shot by Steve Bernier for Bears - Stopped by John Curry
Penalty Shot by Stanislav Galiev for Crunch - Stopped by Matt Murray
Penalty Shot by Michael Ryder for Bears - Stopped by John Curry
Penalty Shot by Dustin Jeffrey for Crunch - Stopped by Matt Murray
Penalty Shot by Erik Condra for Bears - Stopped by John Curry
Penalty Shot by Casey Wellman for Crunch - Goal!

Penalties :
No Penalty

Goalie Stats

Matt Murray (Her), 31 saves from 32 shots - (0.969), OTL, 8-0-3, 65:00 minutes
John Curry (SYR), 23 saves from 24 shots - (0.958), W, 6-1-1, 65:00 minutes

Players Stats for Bears

Player Name              G  A  P  +/- PIM S  H  SB GA TA FO     MP     PP MP  PK MP  
------------------------------------------------------------------------------------
Alexey Marchenko         0  0  0   0  0   4  1  3  2  1  0/0    28:30   1:42   2:58 
Andreas Athanasiou       0  0  0   1  0   3  0  0  0  0  1/2     8:01   0:00   0:03 
Brandon Burlon           0  0  0   1  0   1  2  0  1  0  0/0    23:34   2:19   3:12 
Chad LaRose              0  0  0   0  0   0  1  0  1  0  0/0     8:21   0:00   0:00 
Erik Condra              1  0  1   1  2   5  2  0  2  0  0/1    15:04   2:10   0:30 
FARM PLAYER17            0  0  0   0  0   0  0  0  0  0  0/0    16:06   0:00   0:55 
Jeremy Langlois          0  0  0   0  0   2  1  1  2  0  0/3    17:14   0:00   2:21 
Jesse Root               0  0  0   0  0   0  1  0  0  0  0/3    14:35   0:00   0:00 
Julian Melchiori         0  0  0   0  0   1  0  1  0  5  0/0    14:36   0:00   0:03 
Justin Florek            0  0  0   0  5   0  3  1  2  0  1/2    14:18   0:00   0:00 
Kyle Clifford            0  0  0   0  5   3  2  0  3  2  0/0    15:23   1:51   0:31 
Leon Draisaitl           0  1  1   1  0   0  1  1  0  0  5/12   12:27   2:10   0:00 
Matt Pelech              0  0  0   0  4   0  1  0  0  0  0/0     8:30   0:00   0:00 
Michael Ryder            0  0  0   0  2   3  3  1  3  2  0/0    23:30   1:51   3:24 
Philip Samuelsson        0  0  0   1  0   0  0  0  0  2  0/0    23:34   2:19   3:12 
Robyn Regehr             0  0  0   0  2   1  2  1  1  2  0/0    26:49   1:41   2:55 
Steve Bernier            0  0  0   0  0   1  1  1  1  1  6/22   24:58   2:10   3:56 
Tyler Brown              0  0  0   0  0   0  0  0  0  0  2/11   16:18   1:51   0:41 

Players Stats for Crunch

Player Name              G  A  P  +/- PIM S  H  SB GA TA FO     MP     PP MP  PK MP  
------------------------------------------------------------------------------------
Casey Wellman            0  0  0   0  2   1  2  0  1  0  13/17  21:04   3:10   0:00 
Corban Knight            0  0  0  -1  0   1  1  0  1  1  9/11   15:36   0:00   0:34 
Daniel Cleary            0  0  0  -1  0   4  0  0  6  1  2/2    17:15   0:00   2:13 
Dustin Jeffrey           0  0  0  -1  2   3  0  0  0  1  1/2    18:18   0:21   1:04 
Eriah Hayes              0  0  0   0  0   0  0  0  0  0  0/0     0:00   0:00   0:00 
Jordin Tootoo            0  0  0   0  5   4  4  0  5  0  1/1    21:39   2:39   0:09 
Karl Stollery            0  1  1  -1  0   0  0  1  0  0  0/0    26:13   3:52   1:55 
Kimmo Timonen            0  0  0   0  0   2  1  3  2  0  0/0    28:19   2:18   2:06 
Markus Lauridsen         0  0  0   0  0   0  0  0  0  0  0/0     0:00   0:00   0:00 
Martin Havlat            1  0  1   0  0   5  1  0  4  2  0/0    22:01   3:10   0:00 
Matt Cooke               0  0  0   0  0   2  1  0  0  1  2/4    21:18   3:00   0:35 
Matt Hunwick             0  0  0   0  0   1  4  2  1  2  0/0    27:49   2:18   2:06 
Nick Jensen              0  0  0   0  0   0  2  1  0  1  0/0    19:10   0:00   0:00 
Nolan Yonkman            0  0  0   0  27  0  0  0  0  0  0/0     1:41   0:00   0:00 
Sam Carrick              0  0  0   0  0   4  3  1  0  0  13/19  20:39   3:00   1:48 
Scott Hannan             0  1  1  -1  0   4  2  0  0  2  0/0    26:47   3:52   1:55 
Stanislav Galiev         0  0  0   0  0   0  1  0  1  1  0/0     6:13   0:00   0:00 
Travis Moen              0  0  0   0  0   1  3  0  2  0  0/0    19:57   3:10   1:39 

3 Stars

1 - Matt Murray (Her)
2 - John Curry (SYR)
3 - Martin Havlat (SYR)

Power Play

Bears - 0 on 3 Attempt(s) - 0.00%
Crunch - 1 on 5 Attempt(s) - 20.00%

Penalty Kill

Bears - 4 on 5 Attempt(s) - 80.00% - Score 0 goal in Penalty Kill
Crunch - 3 on 3 Attempt(s) - 100.00% - Score 0 goal in Penalty Kill

Team Stat

Bears - Hits : 21 - Faceoff Wins : 15 - Blocked Shots : 10 - Penalty Minutes : 20
Crunch - Hits : 25 - Faceoff Wins : 41 - Blocked Shots : 8 - Penalty Minutes : 36

Official

Referees : Unknown
Linesman : Unknown

Game Notes

Nolan Yonkman and Justin Florek fight to a draw at 8:36 of 1st period
Nolan Yonkman ejected from game at 8:36 of 1st period
Nolan Yonkman from Crunch is suspended for 3 game(s)
Jordin Tootoo beats up Kyle Clifford at 14:06 of 2nd period

Finance

Level 1 -- Attendance: 1457 (72.85%) -- Ticket Income $36,425
Level 2 -- Attendance: 806 (80.60%) -- Ticket Income $8,060
Total Attendance: 2263 (75.43%)
Total Ticket Income: $44,485
Other Income: $21,798
Total Income: $66,283

Bears

5 vs 5 Forward 
   Center                   Left Wing                Right Wing               Time % Phy DF OF 
 1 Leon Draisaitl           Erik Condra              Steve Bernier            35     1   2  2  
 2 Tyler Brown              Kyle Clifford            Michael Ryder            30     1   2  2  
 3 Jesse Root               Justin Florek            Jeremy Langlois          22     1   2  2  
 4 Steve Bernier            Chad LaRose              Matt Pelech              13     1   2  2  

5 vs 5 Defense 
   Defense                  Defense                                           Time % Phy DF OF 
 1 Robyn Regehr             Alexey Marchenko                                  35     1   2  2  
 2 Philip Samuelsson        Brandon Burlon                                    30     1   2  2  
 3 Julian Melchiori         FARM PLAYER17                                     22     1   2  2  
 4 Robyn Regehr             Alexey Marchenko                                  13     1   2  2  

PowerPlay Forward 
   Center                   Left Wing                Right Wing               Time % Phy DF OF 
 1 Leon Draisaitl           Erik Condra              Steve Bernier            60     1   2  2  
 2 Tyler Brown              Kyle Clifford            Michael Ryder            40     1   2  2  

PowerPlay Defense
   Defense                  Defense                                           Time % Phy DF OF 
 1 Robyn Regehr             Alexey Marchenko                                  60     1   2  2  
 2 Philip Samuelsson        Brandon Burlon                                    40     1   2  2  

Penalty Kill 4 Players Forward 
   Center                   Wing                     Time % Phy DF OF 
 1 Steve Bernier            Michael Ryder            60     1   2  2  
 2 Erik Condra              Kyle Clifford            40     1   2  2  

Penalty Kill 4 Players Defense
   Defense                  Defense                  Time % Phy DF OF 
 1 Robyn Regehr             Alexey Marchenko         60     1   2  2  
 2 Philip Samuelsson        Brandon Burlon           40     1   2  2  

Penalty Kill - 3 Players Forward 
   Forward                                           Time % Phy DF OF 
 1 Steve Bernier                                     60     1   2  2  
 2 Michael Ryder                                     40     1   2  2  

Penalty Kill - 3 Players Defense
   Defense                  Defense                  Time % Phy DF OF 
 1 Robyn Regehr             Alexey Marchenko         60     1   2  2  
 2 Philip Samuelsson        Brandon Burlon           40     1   2  2  

4 vs 4 Forward 
   Center                   Wing                     Time % Phy DF OF 
 1 Steve Bernier            Michael Ryder            60     1   2  2  
 2 Erik Condra              Kyle Clifford            40     1   2  2  

4 vs 4 Defense
   Defense                  Defense                  Time % Phy DF OF 
 1 Robyn Regehr             Alexey Marchenko         60     1   2  2  
 2 Philip Samuelsson        Brandon Burlon           40     1   2  2  

Last Minutes Offensive
   Center                   Left Wing                Right Wing               Defense                  Defense                  
   Leon Draisaitl           Erik Condra              Steve Bernier            Robyn Regehr             Alexey Marchenko         

Last Minutes Defensive
   Center                   Left Wing                Right Wing               Defense                  Defense                  
   Leon Draisaitl           Erik Condra              Steve Bernier            Robyn Regehr             Alexey Marchenko         

Goaltenders
Starting : Matt Murray              
Backup : John Gibson              

Extra Forwards
Normal : Andreas Athanasiou, Justin Florek, Jeremy Langlois - PP : Andreas Athanasiou, Justin Florek - PK : Jeremy Langlois
Extra Defensemen
Normal : Julian Melchiori, FARM PLAYER17, Philip Samuelsson - PP : Julian Melchiori - PK : FARM PLAYER17, Philip Samuelsson
Penalty Shots
Steve Bernier, Michael Ryder, Erik Condra, Kyle Clifford, Leon Draisaitl

Crunch

5 vs 5 Forward 
   Center                   Left Wing                Right Wing               Time % Phy DF OF 
 1 Sam Carrick              Jordin Tootoo            Matt Cooke               30     1   2  2  
 2 Casey Wellman            Martin Havlat            Travis Moen              30     1   2  2  
 3 Corban Knight            Dustin Jeffrey           Daniel Cleary            25     1   2  2  
 4 Matt Cooke               Jordin Tootoo            Stanislav Galiev         15     1   2  2  

5 vs 5 Defense 
   Defense                  Defense                                           Time % Phy DF OF 
 1 Kimmo Timonen            Matt Hunwick                                      34     1   2  2  
 2 Karl Stollery            Scott Hannan                                      33     1   2  2  
 3 Nick Jensen              Nolan Yonkman                                     33     1   2  2  
 4 Kimmo Timonen            Matt Hunwick                                      0      1   2  2  

PowerPlay Forward 
   Center                   Left Wing                Right Wing               Time % Phy DF OF 
 1 Sam Carrick              Jordin Tootoo            Matt Cooke               50     1   1  3  
 2 Casey Wellman            Martin Havlat            Travis Moen              50     0   1  4  

PowerPlay Defense
   Defense                  Defense                                           Time % Phy DF OF 
 1 Kimmo Timonen            Matt Hunwick                                      50     1   2  2  
 2 Karl Stollery            Scott Hannan                                      50     1   2  2  

Penalty Kill 4 Players Forward 
   Center                   Wing                     Time % Phy DF OF 
 1 Dustin Jeffrey           Daniel Cleary            50     1   4  0  
 2 Sam Carrick              Travis Moen              50     1   4  0  

Penalty Kill 4 Players Defense
   Defense                  Defense                  Time % Phy DF OF 
 1 Karl Stollery            Scott Hannan             50     1   4  0  
 2 Kimmo Timonen            Matt Hunwick             50     1   4  0  

Penalty Kill - 3 Players Forward 
   Forward                                           Time % Phy DF OF 
 1 Dustin Jeffrey                                    50     1   4  0  
 2 Sam Carrick                                       50     1   4  0  

Penalty Kill - 3 Players Defense
   Defense                  Defense                  Time % Phy DF OF 
 1 Karl Stollery            Scott Hannan             50     1   4  0  
 2 Kimmo Timonen            Matt Hunwick             50     1   4  0  

4 vs 4 Forward 
   Center                   Wing                     Time % Phy DF OF 
 1 Sam Carrick              Jordin Tootoo            50     1   1  3  
 2 Casey Wellman            Martin Havlat            50     0   1  4  

4 vs 4 Defense
   Defense                  Defense                  Time % Phy DF OF 
 1 Kimmo Timonen            Matt Hunwick             50     1   2  2  
 2 Karl Stollery            Scott Hannan             50     1   2  2  

Last Minutes Offensive
   Center                   Left Wing                Right Wing               Defense                  Defense                  
   Sam Carrick              Jordin Tootoo            Matt Cooke               Kimmo Timonen            Matt Hunwick             

Last Minutes Defensive
   Center                   Left Wing                Right Wing               Defense                  Defense                  
   Sam Carrick              Travis Moen              Matt Cooke               Karl Stollery            Scott Hannan             

Goaltenders
Starting : John Curry               
Backup : Aaron Dell               

Extra Forwards
Normal : Martin Havlat, Jordin Tootoo, Matt Cooke - PP : Martin Havlat, Jordin Tootoo - PK : Matt Cooke
Extra Defensemen
Normal : Kimmo Timonen, Matt Hunwick, Scott Hannan - PP : Kimmo Timonen - PK : Scott Hannan, Karl Stollery
Penalty Shots
Stanislav Galiev, Dustin Jeffrey, Casey Wellman, Matt Cooke, Jordin Tootoo

% Time on Ice - Bears

Lines # - Real PCT - Wanted PCT - Time Play
Normal Forward
1 - 25% - 35% - 11:59
2 - 27% - 30% - 12:58
3 - 30% - 22% - 14:35
4 - 17% - 13% - 8:21
Normal Defense
1 - 35% - 35% - 16:53
2 - 31% - 30% - 15:04
3 - 27% - 22% - 12:56
4 - 6% - 13% - 3:00
PP Forward
1 - 54% - 60% - 2:10
2 - 46% - 40% - 1:51
PP Defense
1 - 42% - 60% - 1:42
2 - 58% - 40% - 2:19
PK Forward
1 - 92% - 60% - 5:40
2 - 8% - 40% - 0:30
PK Defense
1 - 48% - 60% - 2:58
2 - 52% - 40% - 3:12
PK3 Forward
1 - 0% - 60%
2 - 0% - 40%
PK3 Defense
1 - 0% - 60%
2 - 0% - 40%
44 Forward
1 - 80% - 60% - 5:31
2 - 20% - 40% - 1:25
44 Defense
1 - 57% - 60% - 3:57
2 - 43% - 40% - 2:59
Last Minute Offensive  - 0:00
Last Minute Defensive  - 0:00
Total
Forward - 65:00
Defense - 65:00

% Time on Ice - Crunch

Lines # - Real PCT - Wanted PCT - Time Play
Normal Forward
1 - 24% - 30% - 11:30
2 - 32% - 30% - 15:08
3 - 31% - 25% - 15:02
4 - 13% - 15% - 6:13
Normal Defense
1 - 24% - 34% - 11:35
2 - 35% - 33% - 16:42
3 - 41% - 33% - 19:36
4 - 0% - 0% - 0:00
PP Forward
1 - 49% - 50% - 3:00
2 - 51% - 50% - 3:10
PP Defense
1 - 37% - 50% - 2:18
2 - 63% - 50% - 3:52
PK Forward
1 - 55% - 50% - 2:13
2 - 45% - 50% - 1:48
PK Defense
1 - 48% - 50% - 1:55
2 - 52% - 50% - 2:06
PK3 Forward
1 - 0% - 50%
2 - 0% - 50%
PK3 Defense
1 - 0% - 50%
2 - 0% - 50%
44 Forward
1 - 48% - 50% - 3:20
2 - 52% - 50% - 3:36
44 Defense
1 - 61% - 50% - 4:15
2 - 39% - 50% - 2:41
Last Minute Offensive  - 0:00
Last Minute Defensive  - 0:00
Total
Forward - 65:00
Defense - 65:00

Play by Play

1st period


0:01 of 1st period - Leon Draisaitl wins face-off versus Sam Carrick in neutral zone.
0:19 of 1st period - Icing by Robyn Regehr.
0:20 of 1st period - Sam Carrick wins face-off versus Leon Draisaitl in Bears zone.
0:31 of 1st period - Snap shot by Leon Draisaitl.
0:31 of 1st period - Shot Misses the Net.
0:37 of 1st period - Snap shot by Erik Condra.
0:37 of 1st period - Shot Misses the Net.
1:06 of 1st period - Tyler Brown is hit by Travis Moen and loses puck.
1:40 of 1st period - Dustin Jeffrey is hit by Jeremy Langlois.
2:25 of 1st period - Chad LaRose is hit by Stanislav Galiev.
2:35 of 1st period - Icing by Steve Bernier.
2:36 of 1st period - Casey Wellman wins face-off versus Steve Bernier in Bears zone.
3:07 of 1st period - Karl Stollery is hit by Kyle Clifford and loses puck.
4:16 of 1st period - Matt Hunwick is hit by Justin Florek and loses puck.
4:50 of 1st period - Jeremy Langlois is hit by Kimmo Timonen.
4:54 of 1st period - Justin Florek is hit by Travis Moen and loses puck.
5:20 of 1st period - Robyn Regehr is hit by Jordin Tootoo and loses puck.
5:45 of 1st period - Slapshot by Corban Knight.
5:45 of 1st period - Deflect By Alexey Marchenko.
5:45 of 1st period - Stopped by Matt Murray without a rebound.
5:46 of 1st period - Corban Knight wins face-off versus Steve Bernier in Bears zone.
5:55 of 1st period - Snap shot by Dustin Jeffrey.
5:55 of 1st period - Stopped by Matt Murray with a rebound.
6:09 of 1st period - Minor Penalty to Matt Pelech for Hooking.
6:10 of 1st period - Sam Carrick wins face-off versus Steve Bernier in Bears zone.
6:17 of 1st period - Snap shot by Jordin Tootoo.
6:17 of 1st period - Stopped by Matt Murray without a rebound.
6:18 of 1st period - Sam Carrick wins face-off versus Steve Bernier in Bears zone.
6:23 of 1st period - Snap shot by Jordin Tootoo.
6:23 of 1st period - Stopped by Matt Murray without a rebound.
6:24 of 1st period - Steve Bernier wins face-off versus Sam Carrick in Bears zone.
6:24 of 1st period - Steve Bernier is hit by Sam Carrick.
7:16 of 1st period - Wrist shot by Martin Havlat.
7:16 of 1st period - Shot Misses the Net.
7:42 of 1st period - Kimmo Timonen is hit by Kyle Clifford and loses puck.
7:57 of 1st period - Wrist shot by Travis Moen.
7:57 of 1st period - Stopped by Matt Murray without a rebound.
7:58 of 1st period - Casey Wellman wins face-off versus Steve Bernier in Bears zone.
8:09 of 1st period - Penalty to Matt Pelech is over, Matt Pelech is back on ice.
8:26 of 1st period - Philip Samuelsson is hit by Corban Knight and loses puck.
8:36 of 1st period - Nolan Yonkman and Justin Florek fight to a draw.
8:36 of 1st period - Penalty to Nolan Yonkman for Fighting.
8:36 of 1st period - Penalty to Justin Florek for Fighting.
8:36 of 1st period - Penalty to Nolan Yonkman for instigated a fight.
8:36 of 1st period - Penalty to Nolan Yonkman for instigated and being the aggresor in a fight.
8:36 of 1st period - Nolan Yonkman is ejected from game.
8:37 of 1st period - Leon Draisaitl wins face-off versus Dustin Jeffrey in Bears zone.
8:39 of 1st period - Minor Penalty to Robyn Regehr for Tripping.
8:40 of 1st period - Jordin Tootoo wins face-off versus Steve Bernier in Bears zone.
8:58 of 1st period - Slapshot by Jordin Tootoo.
8:58 of 1st period - Shot Misses the Net.
9:26 of 1st period - Martin Havlat is hit by Michael Ryder and loses puck.
9:56 of 1st period - Erik Condra is hit by Matt Hunwick.
10:28 of 1st period - Andreas Athanasiou is hit by Jordin Tootoo and loses puck.
10:35 of 1st period - Snap shot by Jordin Tootoo.
10:35 of 1st period - Shot Misses the Net.
10:36 of 1st period - Penalty to Nolan Yonkman is over, Matt Cooke is send on ice.
10:39 of 1st period - Penalty to Robyn Regehr is over, Robyn Regehr is back on ice.
11:18 of 1st period - Snap shot by Steve Bernier.
11:18 of 1st period - Shot Misses the Net.
12:43 of 1st period - Wrist shot by Matt Cooke.
12:43 of 1st period - Shot Blocked by Alexey Marchenko.
12:45 of 1st period - Snap shot by Matt Cooke.
12:45 of 1st period - Shot Misses the Net.
13:23 of 1st period - Icing by Philip Samuelsson.
13:24 of 1st period - Casey Wellman wins face-off versus Tyler Brown in Bears zone.
13:52 of 1st period - Snap shot by Erik Condra.
13:52 of 1st period - Shot Misses the Net.
13:54 of 1st period - Snap shot by Julian Melchiori.
13:54 of 1st period - Stopped by John Curry without a rebound.
13:55 of 1st period - Leon Draisaitl wins face-off versus Matt Cooke in Crunch zone.
14:20 of 1st period - Corban Knight is hit by Michael Ryder and loses puck.
14:27 of 1st period - Wrist shot by Michael Ryder.
14:27 of 1st period - Stopped by John Curry with a rebound.
15:03 of 1st period - Icing by Robyn Regehr.
15:04 of 1st period - Sam Carrick wins face-off versus Steve Bernier in Bears zone.
15:11 of 1st period - Snap shot by Matt Cooke.
15:11 of 1st period - Shot Misses the Net.
15:13 of 1st period - Wrist shot by Matt Cooke.
15:13 of 1st period - Shot Misses the Net.
16:17 of 1st period - Jeremy Langlois is hit by Matt Hunwick and loses puck.
16:26 of 1st period - Wrist shot by Matt Cooke.
16:26 of 1st period - Shot Misses the Net.
16:46 of 1st period - Erik Condra is hit by Nick Jensen.
17:01 of 1st period - Slapshot by Erik Condra.
17:01 of 1st period - Stopped by John Curry with a rebound.
17:03 of 1st period - Slapshot by Erik Condra.
17:03 of 1st period - Stopped by John Curry with a rebound.
17:05 of 1st period - Snap shot by Erik Condra.
17:05 of 1st period - Shot Misses the Net.
17:15 of 1st period - Wrist shot by Erik Condra.
17:15 of 1st period - Deflect By Leon Draisaitl.
17:15 of 1st period - Shot Misses the Net.
17:15 of 1st period - Puck is out of play.
17:16 of 1st period - Corban Knight wins face-off versus Steve Bernier in Crunch zone.
18:27 of 1st period - Slapshot by Scott Hannan.
18:27 of 1st period - Stopped by Matt Murray with a rebound.
19:36 of 1st period - Matt Cooke is hit by Matt Pelech and loses puck.
19:41 of 1st period - Snap shot by Chad LaRose.
19:41 of 1st period - Deflect By Steve Bernier.
19:41 of 1st period - Shot Misses the Net.
19:41 of 1st period - Puck is out of play.
19:42 of 1st period - Sam Carrick wins face-off versus Steve Bernier in Crunch zone.
Goals for this period are 0 for Bears vs 0 for Crunch.
Shots for this period are 4 for Bears vs 6 for Crunch.

2nd period


0:01 of 2nd period - Sam Carrick wins face-off versus Leon Draisaitl in neutral zone.
0:06 of 2nd period - Wrist shot by Jordin Tootoo.
0:06 of 2nd period - Shot Misses the Net.
0:14 of 2nd period - Matt Hunwick is hit by Erik Condra and loses puck.
0:54 of 2nd period - Minor Penalty to Casey Wellman for Hooking.
0:55 of 2nd period - Dustin Jeffrey wins face-off versus Tyler Brown in Crunch zone.
1:27 of 2nd period - Wrist shot by Michael Ryder.
1:27 of 2nd period - Shot Blocked by Karl Stollery.
2:05 of 2nd period - Daniel Cleary is hit by Brandon Burlon and loses puck.
2:54 of 2nd period - Penalty to Casey Wellman is over, Casey Wellman is back on ice.
3:22 of 2nd period - Slapshot by Jordin Tootoo.
3:22 of 2nd period - Shot Blocked by Julian Melchiori.
3:36 of 2nd period - 10 Minutes Misconduct Penalty to Nolan Yonkman is over.
5:26 of 2nd period - Robyn Regehr is hit by Travis Moen and loses puck.
6:07 of 2nd period - Wrist shot by Jordin Tootoo.
6:07 of 2nd period - Deflect By Sam Carrick.
6:07 of 2nd period - Stopped by Matt Murray without a rebound.
6:08 of 2nd period - Sam Carrick wins face-off versus Andreas Athanasiou in Bears zone.
6:09 of 2nd period - Snap shot by Jordin Tootoo.
6:09 of 2nd period - Stopped by Matt Murray with a rebound.
6:13 of 2nd period - Wrist shot by Jordin Tootoo.
6:13 of 2nd period - Shot Misses the Net.
6:41 of 2nd period - Alexey Marchenko is hit by Nick Jensen and loses puck.
7:05 of 2nd period - Snap shot by Kyle Clifford.
7:05 of 2nd period - Deflect By Kimmo Timonen.
7:05 of 2nd period - Stopped by John Curry without a rebound.
7:06 of 2nd period - Matt Cooke wins face-off versus Tyler Brown in Crunch zone.
7:46 of 2nd period - Icing by Karl Stollery.
7:47 of 2nd period - Daniel Cleary wins face-off versus Jesse Root in Crunch zone.
8:03 of 2nd period - Jeremy Langlois is hit by Scott Hannan and loses puck.
8:52 of 2nd period - Michael Ryder is hit by Casey Wellman and loses puck.
9:12 of 2nd period - Slapshot by Leon Draisaitl.
9:12 of 2nd period - Deflect By Steve Bernier.
9:12 of 2nd period - Stopped by John Curry without a rebound.
9:13 of 2nd period - Corban Knight wins face-off versus Leon Draisaitl in Crunch zone.
9:13 of 2nd period - Corban Knight is hit by Steve Bernier.
9:32 of 2nd period - Snap shot by Scott Hannan.
9:32 of 2nd period - Shot Blocked by Leon Draisaitl.
9:48 of 2nd period - Slapshot by Kimmo Timonen.
9:48 of 2nd period - Stopped by Matt Murray with a rebound.
9:56 of 2nd period - Snap shot by Robyn Regehr.
9:56 of 2nd period - Shot Misses the Net.
10:03 of 2nd period - Wrist shot by Jeremy Langlois.
10:03 of 2nd period - Shot Misses the Net.
10:05 of 2nd period - Slapshot by Jeremy Langlois.
10:05 of 2nd period - Shot Blocked by Sam Carrick.
10:07 of 2nd period - Snap shot by Julian Melchiori.
10:07 of 2nd period - Deflect By Jeremy Langlois.
10:07 of 2nd period - Shot Blocked by Kimmo Timonen.
10:07 of 2nd period - Puck is out of play.
10:08 of 2nd period - Corban Knight wins face-off versus Tyler Brown in Crunch zone.
10:45 of 2nd period - Snap shot by Martin Havlat.
10:45 of 2nd period - Stopped by Matt Murray without a rebound.
10:46 of 2nd period - Steve Bernier wins face-off versus Casey Wellman in Bears zone.
10:51 of 2nd period - Casey Wellman is hit by Robyn Regehr and loses puck.
11:22 of 2nd period - Wrist shot by Sam Carrick.
11:22 of 2nd period - Shot Misses the Net.
11:24 of 2nd period - Snap shot by Matt Cooke.
11:24 of 2nd period - Stopped by Matt Murray without a rebound.
11:25 of 2nd period - Sam Carrick wins face-off versus Jeremy Langlois in Bears zone.
12:08 of 2nd period - Snap shot by Kyle Clifford.
12:08 of 2nd period - Stopped by John Curry with a rebound.
12:10 of 2nd period - Slapshot by Alexey Marchenko.
12:10 of 2nd period - Shot Blocked by Matt Hunwick.
12:12 of 2nd period - Slapshot by Alexey Marchenko.
12:12 of 2nd period - Stopped by John Curry with a rebound.
12:14 of 2nd period - Wrist shot by Kyle Clifford.
12:14 of 2nd period - Stopped by John Curry with a rebound.
12:28 of 2nd period - Kyle Clifford is hit by Matt Hunwick and loses puck.
13:41 of 2nd period - Minor Penalty to Matt Pelech for Interference.
13:42 of 2nd period - Casey Wellman wins face-off versus Steve Bernier in Bears zone.
13:43 of 2nd period - Snap shot by Martin Havlat.
13:43 of 2nd period - Shot Blocked by Robyn Regehr.
13:47 of 2nd period - Snap shot by Martin Havlat.
13:47 of 2nd period - Stopped by Matt Murray with a rebound.
13:49 of 2nd period - Slapshot by Scott Hannan.
13:49 of 2nd period - Shot Blocked by Alexey Marchenko.
13:51 of 2nd period - Slapshot by Karl Stollery.
13:51 of 2nd period - Deflect By Martin Havlat.
13:51 of 2nd period - Goal by Martin Havlat - Bears : 0 - Crunch : 1.
13:52 of 2nd period - Tyler Brown wins face-off versus Sam Carrick in neutral zone.
13:57 of 2nd period - Snap shot by Michael Ryder.
13:57 of 2nd period - Stopped by John Curry with a rebound.
14:06 of 2nd period - Jordin Tootoo beats up Kyle Clifford.
14:06 of 2nd period - Penalty to Jordin Tootoo for Fighting.
14:06 of 2nd period - Penalty to Kyle Clifford for Fighting.
14:07 of 2nd period - Tyler Brown wins face-off versus Sam Carrick in Bears zone.
14:12 of 2nd period - Slapshot by Alexey Marchenko.
14:12 of 2nd period - Stopped by John Curry with a rebound.
14:54 of 2nd period - Snap shot by Leon Draisaitl.
14:54 of 2nd period - Shot Blocked by Kimmo Timonen.
14:56 of 2nd period - Backhand shot by Robyn Regehr.
14:56 of 2nd period - Shot Blocked by Matt Hunwick.
15:00 of 2nd period - Wrist shot by Erik Condra.
15:00 of 2nd period - Stopped by John Curry with a rebound.
15:02 of 2nd period - Slapshot by Brandon Burlon.
15:02 of 2nd period - Deflect By Erik Condra.
15:02 of 2nd period - Shot Blocked by Kimmo Timonen.
15:02 of 2nd period - Puck is out of play.
15:03 of 2nd period - Corban Knight wins face-off versus Leon Draisaitl in Crunch zone.
15:16 of 2nd period - Wrist shot by Daniel Cleary.
15:16 of 2nd period - Stopped by Matt Murray without a rebound.
15:17 of 2nd period - Casey Wellman wins face-off versus Jeremy Langlois in Bears zone.
15:30 of 2nd period - Snap shot by Martin Havlat.
15:30 of 2nd period - Stopped by Matt Murray without a rebound.
15:31 of 2nd period - Casey Wellman wins face-off versus Justin Florek in Bears zone.
15:34 of 2nd period - Slapshot by Martin Havlat.
15:34 of 2nd period - Shot Blocked by Jeremy Langlois.
15:36 of 2nd period - Snap shot by Travis Moen.
15:36 of 2nd period - Deflect By Martin Havlat.
15:36 of 2nd period - Shot Misses the Net.
15:36 of 2nd period - Puck is out of play.
15:37 of 2nd period - Casey Wellman wins face-off versus Jesse Root in Bears zone.
16:07 of 2nd period - Slapshot by Martin Havlat.
16:07 of 2nd period - Stopped by Matt Murray without a rebound.
16:08 of 2nd period - Sam Carrick wins face-off versus Leon Draisaitl in Bears zone.
16:27 of 2nd period - Snap shot by Sam Carrick.
16:27 of 2nd period - Stopped by Matt Murray with a rebound.
16:59 of 2nd period - Snap shot by Michael Ryder.
16:59 of 2nd period - Shot Misses the Net.
17:01 of 2nd period - Wrist shot by Andreas Athanasiou.
17:01 of 2nd period - Stopped by John Curry with a rebound.
17:03 of 2nd period - Snap shot by Andreas Athanasiou.
17:03 of 2nd period - Stopped by John Curry without a rebound.
17:04 of 2nd period - Matt Cooke wins face-off versus Tyler Brown in Crunch zone.
17:28 of 2nd period - Snap shot by Daniel Cleary.
17:28 of 2nd period - Stopped by Matt Murray without a rebound.
17:29 of 2nd period - Corban Knight wins face-off versus Jesse Root in Bears zone.
17:32 of 2nd period - Wrist shot by Corban Knight.
17:32 of 2nd period - Shot Misses the Net.
17:34 of 2nd period - Snap shot by Kimmo Timonen.
17:34 of 2nd period - Deflect By Jesse Root.
17:34 of 2nd period - Stopped by Matt Murray without a rebound.
17:35 of 2nd period - Justin Florek wins face-off versus Corban Knight in Bears zone.
18:02 of 2nd period - Wrist shot by Daniel Cleary.
18:02 of 2nd period - Stopped by Matt Murray without a rebound.
18:03 of 2nd period - Leon Draisaitl wins face-off versus Casey Wellman in Bears zone.
18:05 of 2nd period - Minor Penalty to Erik Condra for Tripping.
18:06 of 2nd period - Steve Bernier wins face-off versus Casey Wellman in Bears zone.
18:16 of 2nd period - Wrist shot by Martin Havlat.
18:16 of 2nd period - Shot Misses the Net.
18:18 of 2nd period - Slapshot by Kimmo Timonen.
18:18 of 2nd period - Shot Misses the Net.
18:24 of 2nd period - Snap shot by Martin Havlat.
18:24 of 2nd period - Shot Blocked by Steve Bernier.
19:04 of 2nd period - Snap shot by Sam Carrick.
19:04 of 2nd period - Stopped by Matt Murray with a rebound.
19:06 of 2nd period - Penalty to Kyle Clifford is over, Kyle Clifford is back on ice.
19:06 of 2nd period - Snap shot by Dustin Jeffrey.
19:06 of 2nd period - Stopped by Matt Murray without a rebound.
19:07 of 2nd period - Sam Carrick wins face-off versus Steve Bernier in Bears zone.
19:11 of 2nd period - Snap shot by Karl Stollery.
19:11 of 2nd period - Shot Misses the Net.
19:13 of 2nd period - Wrist shot by Scott Hannan.
19:13 of 2nd period - Deflect By Steve Bernier.
19:13 of 2nd period - Stopped by Matt Murray with a rebound.
19:15 of 2nd period - Slapshot by Karl Stollery.
19:15 of 2nd period - Deflect By Sam Carrick.
19:15 of 2nd period - Shot Misses the Net.
19:15 of 2nd period - Puck is out of play.
19:16 of 2nd period - Sam Carrick wins face-off versus Steve Bernier in Bears zone.
Goals for this period are 0 for Bears vs 1 for Crunch.
Shots for this period are 10 for Bears vs 17 for Crunch.

3rd period


0:01 of 3rd period - Casey Wellman wins face-off versus Steve Bernier in neutral zone.
0:05 of 3rd period - Penalty to Erik Condra is over, Erik Condra is back on ice.
0:54 of 3rd period - Justin Florek is hit by Jordin Tootoo and loses puck.
1:39 of 3rd period - Snap shot by Daniel Cleary.
1:39 of 3rd period - Shot Blocked by Justin Florek.
2:15 of 3rd period - Travis Moen is hit by Justin Florek and loses puck.
2:59 of 3rd period - Wrist shot by Daniel Cleary.
2:59 of 3rd period - Shot Misses the Net.
3:01 of 3rd period - Snap shot by Scott Hannan.
3:01 of 3rd period - Stopped by Matt Murray without a rebound.
3:02 of 3rd period - Corban Knight wins face-off versus Leon Draisaitl in Bears zone.
3:11 of 3rd period - Snap shot by Daniel Cleary.
3:11 of 3rd period - Shot Misses the Net.
3:13 of 3rd period - Slapshot by Dustin Jeffrey.
3:13 of 3rd period - Stopped by Matt Murray with a rebound.
3:29 of 3rd period - Snap shot by Karl Stollery.
3:29 of 3rd period - Shot Misses the Net.
3:53 of 3rd period - Matt Pelech is hit by Sam Carrick.
4:11 of 3rd period - Icing by Robyn Regehr.
4:12 of 3rd period - Corban Knight wins face-off versus Steve Bernier in Bears zone.
4:33 of 3rd period - Snap shot by Michael Ryder.
4:33 of 3rd period - Shot Blocked by Nick Jensen.
5:24 of 3rd period - FARM PLAYER17 is hit by Matt Cooke and loses puck.
6:03 of 3rd period - Matt Cooke is hit by Jesse Root and loses puck.
6:26 of 3rd period - Snap shot by Martin Havlat.
6:26 of 3rd period - Shot Blocked by Michael Ryder.
7:12 of 3rd period - Justin Florek is hit by Martin Havlat and loses puck.
7:33 of 3rd period - Karl Stollery is hit by Robyn Regehr and loses puck.
8:15 of 3rd period - Corban Knight is hit by Chad LaRose and loses puck.
8:42 of 3rd period - Icing by Travis Moen.
8:43 of 3rd period - Casey Wellman wins face-off versus Tyler Brown in Crunch zone.
9:26 of 3rd period - Daniel Cleary is hit by Justin Florek and loses puck.
9:45 of 3rd period - Snap shot by Stanislav Galiev.
9:45 of 3rd period - Shot Misses the Net.
9:47 of 3rd period - Slapshot by Scott Hannan.
9:47 of 3rd period - Stopped by Matt Murray with a rebound.
9:49 of 3rd period - Snap shot by Matt Cooke.
9:49 of 3rd period - Stopped by Matt Murray without a rebound.
9:50 of 3rd period - Steve Bernier wins face-off versus Matt Cooke in Bears zone.
10:28 of 3rd period - Matt Hunwick is hit by Alexey Marchenko and loses puck.
10:35 of 3rd period - Wrist shot by Leon Draisaitl.
10:35 of 3rd period - Shot Misses the Net.
10:37 of 3rd period - Snap shot by Brandon Burlon.
10:37 of 3rd period - Stopped by John Curry without a rebound.
10:38 of 3rd period - Leon Draisaitl wins face-off versus Corban Knight in Crunch zone.
10:47 of 3rd period - Wrist shot by Erik Condra.
10:47 of 3rd period - Stopped by John Curry with a rebound.
10:49 of 3rd period - Slapshot by Erik Condra.
10:49 of 3rd period - Goal by Erik Condra - Bears : 1 - Crunch : 1.
10:50 of 3rd period - Casey Wellman wins face-off versus Tyler Brown in neutral zone.
11:02 of 3rd period - Michael Ryder is hit by Scott Hannan and loses puck.
11:37 of 3rd period - Minor Penalty to Michael Ryder for High sticking.
11:38 of 3rd period - Casey Wellman wins face-off versus Steve Bernier in Bears zone.
11:51 of 3rd period - Slapshot by Matt Hunwick.
11:51 of 3rd period - Stopped by Matt Murray without a rebound.
11:52 of 3rd period - Casey Wellman wins face-off versus Jeremy Langlois in Bears zone.
13:27 of 3rd period - Slapshot by Alexey Marchenko.
13:27 of 3rd period - Stopped by John Curry with a rebound.
13:37 of 3rd period - Penalty to Michael Ryder is over, Michael Ryder is back on ice.
14:07 of 3rd period - Snap shot by Daniel Cleary.
14:07 of 3rd period - Stopped by Matt Murray with a rebound.
15:26 of 3rd period - Wrist shot by Erik Condra.
15:26 of 3rd period - Shot Misses the Net.
16:41 of 3rd period - Kimmo Timonen is hit by Michael Ryder and loses puck.
16:50 of 3rd period - Minor Penalty to Dustin Jeffrey for Interference.
16:51 of 3rd period - Daniel Cleary wins face-off versus Leon Draisaitl in Crunch zone.
17:24 of 3rd period - Slapshot by Michael Ryder.
17:24 of 3rd period - Stopped by John Curry with a rebound.
17:26 of 3rd period - Slapshot by Robyn Regehr.
17:26 of 3rd period - Deflect By Matt Hunwick.
17:26 of 3rd period - Stopped by John Curry without a rebound.
17:27 of 3rd period - Corban Knight wins face-off versus Tyler Brown in Crunch zone.
17:55 of 3rd period - Matt Cooke is hit by Erik Condra and loses puck.
18:11 of 3rd period - Off-side.
18:12 of 3rd period - Sam Carrick wins face-off versus Tyler Brown in neutral zone.
18:23 of 3rd period - Backhand shot by Matt Cooke.
18:23 of 3rd period - Shot Blocked by Alexey Marchenko.
18:45 of 3rd period - Scott Hannan is hit by Leon Draisaitl and loses puck.
18:50 of 3rd period - Penalty to Dustin Jeffrey is over, Dustin Jeffrey is back on ice.
19:13 of 3rd period - Wrist shot by Jeremy Langlois.
19:13 of 3rd period - Deflect By Scott Hannan.
19:13 of 3rd period - Stopped by John Curry with a rebound.
19:15 of 3rd period - Snap shot by Jeremy Langlois.
19:15 of 3rd period - Stopped by John Curry with a rebound.
19:17 of 3rd period - Slapshot by Justin Florek.
19:17 of 3rd period - Shot Misses the Net.
Goals for this period are 1 for Bears vs 0 for Crunch.
Shots for this period are 8 for Bears vs 6 for Crunch.

Overtime #1


0:01 of 1st overtime period - Steve Bernier wins face-off versus Sam Carrick in neutral zone.
0:32 of 1st overtime period - Wrist shot by Sam Carrick.
0:32 of 1st overtime period - Deflect By Jordin Tootoo.
0:32 of 1st overtime period - Stopped by Matt Murray with a rebound.
0:36 of 1st overtime period - Snap shot by Jordin Tootoo.
0:36 of 1st overtime period - Shot Misses the Net.
1:31 of 1st overtime period - Icing by Philip Samuelsson.
1:32 of 1st overtime period - Steve Bernier wins face-off versus Sam Carrick in Bears zone.
1:59 of 1st overtime period - Kimmo Timonen is hit by Brandon Burlon and loses puck.
2:10 of 1st overtime period - Snap shot by Justin Florek.
2:10 of 1st overtime period - Deflect By Andreas Athanasiou.
2:10 of 1st overtime period - Stopped by John Curry without a rebound.
2:11 of 1st overtime period - Andreas Athanasiou wins face-off versus Casey Wellman in Crunch zone.
2:12 of 1st overtime period - Slapshot by Alexey Marchenko.
2:12 of 1st overtime period - Stopped by John Curry with a rebound.
2:18 of 1st overtime period - Justin Florek is hit by Casey Wellman and loses puck.
2:35 of 1st overtime period - Andreas Athanasiou is hit by Sam Carrick and loses puck.
3:20 of 1st overtime period - Off-side.
3:21 of 1st overtime period - Sam Carrick wins face-off versus Erik Condra in neutral zone.
3:24 of 1st overtime period - Philip Samuelsson is hit by Jordin Tootoo and loses puck.
3:51 of 1st overtime period - Slapshot by Casey Wellman.
3:51 of 1st overtime period - Stopped by Matt Murray without a rebound.
3:52 of 1st overtime period - Casey Wellman wins face-off versus Steve Bernier in Bears zone.
4:12 of 1st overtime period - Wrist shot by Sam Carrick.
4:12 of 1st overtime period - Stopped by Matt Murray with a rebound.
4:45 of 1st overtime period - Robyn Regehr is hit by Matt Hunwick and loses puck.
Goals for this period are 0 for Bears vs 0 for Crunch.
Shots for this period are 2 for Bears vs 3 for Crunch.

ShootOut


5:00 of 1st overtime period - Penalty Shot by Steve Bernier for Bears.
5:00 of 1st overtime period - Snap shot by Steve Bernier.
5:00 of 1st overtime period - Stopped by John Curry.
5:00 of 1st overtime period - Penalty Shot by Stanislav Galiev for Crunch.
5:00 of 1st overtime period - Wrist shot by Stanislav Galiev.
5:00 of 1st overtime period - Stopped by Matt Murray.
5:00 of 1st overtime period - Penalty Shot by Michael Ryder for Bears.
5:00 of 1st overtime period - Deke by Michael Ryder.
5:00 of 1st overtime period - Stopped by John Curry.
5:00 of 1st overtime period - Penalty Shot by Dustin Jeffrey for Crunch.
5:00 of 1st overtime period - Deke by Dustin Jeffrey.
5:00 of 1st overtime period - Stopped by Matt Murray.
5:00 of 1st overtime period - Penalty Shot by Erik Condra for Bears.
5:00 of 1st overtime period - Wrist shot by Erik Condra.
5:00 of 1st overtime period - Stopped by John Curry.
5:00 of 1st overtime period - Penalty Shot by Casey Wellman for Crunch.
5:00 of 1st overtime period - Wrist shot by Casey Wellman.
5:00 of 1st overtime period - Goal by Casey Wellman.